 Seeded DCSS version 0.27-a0-74-gebd156f (webtiles) character file.

Game seed: 5888312660903121740 (custom seed)

1001 brinewave the Ducker (level 8, 0/60 HPs)
             Began as a Merfolk Arcane Marksman on Jan 11, 2021.
             Was a Believer of Zin.
             Slain by Maggie
             ... wielding a +0 vorpal halberd
              (2 damage)
             ... on level 6 of the Dungeon.
             The game lasted 01:03:08 (9068 turns).

brinewave the Ducker (Merfolk Arcane Marksman)      Turns: 9068, Time: 01:03:09

Health: 0/60       AC:  0    Str: 11    XL:     8   Next: 20%
Magic:  8/12       EV: 15    Int: 13    God:    Zin [**....]
Gold:   108        SH:  0    Dex: 15    Spells: 4/13 levels left

rFire    x . .     SeeInvis .   D - +3 short sword
rCold    + . .     Faith    .   (no shield)
rNeg     . . .     Spirit   .   a - +1 robe
rPois    .         Reflect  .   s - +2 helmet
rElec    .         Harm     .   F - +0 cloak
rCorr    .         Rampage  .   v - +0 pair of gloves (curse)
Will     +....                  (no boots)
Stlth    ++........             (no amulet)
HPRegen  0.20/turn              E - ring of ice
MPRegen  0.13/turn              L - ring of willpower

@: corroded, mesmerised
A: change form in water, swift swim, stealthy swim
a: Renounce Religion, Recite, Vitalisation, Donate Gold


You were on level 6 of the Dungeon.
You worshipped Zin.
Zin was pleased with you.
You visited 2 branches of the dungeon, and saw 8 of its levels.

You collected 304 gold pieces.
You donated 196 gold pieces to Zin.

Inventory:

Hand Weapons
 j - a -3 spear
 k - a +0 shortbow
 m - a +0 short sword
 n - a +0 spear
 o - a +1 dagger of venom
 t - a +0 dagger
 A - a +4 quarterstaff of chaos
 D - a +3 short sword (weapon)
Missiles
 b - 18 sling bullets
 q - 181 stones (quivered)
 B - 100 arrows
Armour
 a - a +1 robe (worn)
 c - a +0 leather armour
 s - a +2 helmet (worn)
 v - a cursed +0 pair of gloves (worn)
 x - a +0 leather armour
 F - a +0 cloak (worn)
Jewellery
 E - a ring of ice (left hand)
 L - a ring of willpower (right hand)
Scrolls
 d - 6 scrolls of identify {unknown}
 p - a scroll of fog
 z - a scroll of magic mapping
 C - 2 scrolls of fear
 H - a scroll of random uselessness {unknown}
 I - a scroll of enchant weapon {unknown}
 K - a scroll of remove curse
Potions
 e - a potion of ambrosia {unknown}
 f - 4 potions of brilliance {unknown}
 g - a potion of degeneration {unknown}
 h - 3 potions of curing {unknown}
 l - a potion of might {unknown}
 r - a potion of flight {unknown}
 u - a potion of magic {unknown}
 w - a potion of berserk rage {unknown}
 G - a potion of attraction {unknown}
 M - a potion of heal wounds
 N - a potion of invisibility {unknown}


   Skills:
 + Level 4.0 Fighting
 + Level 3.2 Short Blades
 - Level 1.6 Polearms
 + Level 4.1 Throwing
 + Level 4.7 Dodging
 + Level 3.3 Stealth
 + Level 3.2 Spellcasting
 + Level 4.5 Hexes
 + Level 1.7 Invocations


You had 4 spell levels left.
You knew the following spells:

 Your Spells              Type           Power        Failure   Level
a - Corona                Hex            15%          3%          1
b - Inner Flame           Hex/Fire       8%           26%         3
c - Slow                  Hex            14%          5%          2
d - Portal Projectile     Hex/Tloc       16%          26%         3

Your spell library contained the following spells:

 Spells                   Type           Power        Failure   Level
 Cause Fear               Hex            7%           34%         4
 Leda's Liquefaction      Hex/Erth       4%           65%         4


Dungeon Overview and Level Annotations

Branches:
Dungeon (7/15)             Temple (1/1) D:4

Altars:
Ashenzari
Dithmenos
Elyvilon
Fedhas
Gozag
Makhleb
Okawaru
Trog
Uskayaw
Wu Jian
Xom
Yredelemnul
Zin

Annotations:
D:3 1 runed translucent door, Maxp's ghost, amateur BaCj
D:6 Maggie


Message History

Maggie zaps a wand.
The bolt of acid hits you! The acid corrodes you!
You are splashed with acid!
* * * LOW HITPOINT WARNING * * *
Maggie closely misses you.
Maggie gestures wildly while chanting.
Maggie draws you further into her thrall.
You hit Maggie but do no damage.
Maggie is lightly wounded.
You hit Maggie but do no damage.
Maggie is lightly wounded.
Maggie zaps a wand.
The bolt of acid misses you.
You barely miss Maggie.
Maggie is lightly wounded.
You are no longer teleporting projectiles to their destination.
Maggie barely misses you.
You hit Maggie but do no damage.
Maggie is lightly wounded.
Maggie hits you with a +0 vorpal halberd!
* * * LOW HITPOINT WARNING * * *
You die...

#.###.###############
#.#.................#
....#.###.........).# #.
#.###.##............# .8# #.
..###.##.........#### .... #.
..##.............# .....#.
.)....##.........# ......#.
......##.........#####.......#.##
.......)..<..(.@@.(..............
.......#...........###......$..(.
..>..............###.............
.......#.........# #.#...........
#.>...##.........# #<# ###.....<.
#.......#.......## #.# #......†
...............## #.# #.......
.......##....### #.# ##......
.......# # ..# #.......


You could see Maggie (mesmerising).

Vanquished Creatures
  2 ogres (D:4)
  2 centaurs (D:5)
  A scorpion (D:4)
  A howler monkey (D:6)
  A hound (D:4)
  2 orc priests
  2 jellies (D:4)
  Crazy Yiuf (D:4)
  Ijyb (D:5)
  3 orc wizards
  Natasha (twice) (D:3)
  2 iguanas
  3 worker ants
  A howler monkey skeleton (D:4)
  7 adders
  A white imp (D:5)
  An adder skeleton (D:4)
  2 dart slugs (D:1)
  3 worms
  2 leopard geckos (D:4)
  12 orcs
  A ball python (D:3)
  4 bats
  4 giant cockroaches
  6 goblins
  3 hobgoblins (D:1)
  3 jackals (D:4)
  2 quokkas (D:5)
  5 frilled lizards
  8 kobolds
  A leopard gecko skeleton (D:5)
  2 rats
91 creatures vanquished.

Vanquished Creatures (others)
  3 fungi (D:4)
  4 plants
7 creatures vanquished.

Grand Total: 98 creatures vanquished

Notes
Turn   | Place    | Note
-------+----------+-------------------------------------------
     0 | D:1      | brinewave the Merfolk Arcane Marksman began the quest for
                  | the Orb.
     0 | D:1      | Reached XP level 1. HP: 15/15 MP: 2/2
   335 | D:1      | Reached XP level 2. HP: 18/21 MP: 1/3
  1054 | D:2      | Noticed a necrophage
  1211 | D:2      | Reached XP level 3. HP: 13/27 MP: 3/5
  2795 | D:3      | Reached skill level 1 in Polearms
  2828 | D:3      | Learned a level 3 spell: Inner Flame
  3019 | D:3      | Reached XP level 4. HP: 18/29 MP: 3/6
  3308 | D:3      | Found a runed translucent door.
  3308 | D:3      | Noticed an ice beast
  3309 | D:3      | Noticed Maxp's ghost (amateur BaCj)
  3397 | D:3      | Found a glowing silver altar of Zin.
  3397 | D:3      | Found an opulent altar of Gozag.
  3422 | D:3      | Became a worshipper of Zin the Law-Giver
  3422 | D:3      | Reached * piety under Zin
  3423 | D:3      | Donated 79 gold pieces to Zin
  3548 | D:4      | Noticed an ogre
  3807 | D:3      | Found a hide-covered altar of Uskayaw.
  3870 | D:3      | Noticed Natasha
  3878 | D:3      | Killed Natasha
  3879 | D:3      | Reached XP level 5. HP: 35/39 MP: 8/8
  4012 | D:3      | Noticed Natasha
  4016 | D:3      | Killed Natasha
  4167 | D:4      | Learned a level 2 spell: Slow
  4184 | D:4      | Killed an ogre
  4185 | D:4      | Reached skill level 1 in Short Blades
  4185 | D:4      | Reached skill level 1 in Stealth
  4185 | D:4      | Reached XP level 6. HP: 43/46 MP: 7/9
  4811 | D:5      | Entered Level 5 of the Dungeon
  4811 | D:5      | Noticed Ijyb
  5153 | D:4      | Found a shimmering altar of Xom.
  5272 | D:4      | Reached XP level 7. HP: 39/52 MP: 10/10
  5917 | D:4      | Found a staircase to the Ecumenical Temple.
  6128 | Temple   | Entered the Ecumenical Temple
  7223 | D:4      | Found a runed translucent door.
  7224 | D:4      | Noticed Crazy Yiuf
  7233 | D:4      | Killed Crazy Yiuf
  7512 | D:5      | Reached ** piety under Zin
  7725 | D:5      | Learned a level 3 spell: Portal Projectile
  7899 | D:5      | Reached skill level 1 in Invocations
  8191 | D:5      | Killed Ijyb
  8192 | D:5      | Reached XP level 8. HP: 48/60 MP: 12/12
  8504 | D:6      | Noticed Maggie
  8934 | D:6      | Found a burning altar of Makhleb.
  8942 | D:6      | Donated 87 gold pieces to Zin
  9068 | D:6      | HP: 2/60 [Maggie/+0 vorpal halberd (12)]
  9068 | D:6      | Slain by Maggie

Illustrated notes

Levels and vault maps discovered:
D:1:      lemuel_arrival_funnel, layout_basic
D:2:      layout_basic, serial_bayou_pond_b
D:3:      cheibrodos_old_hovel, layout_loops_cross,
          grunt_temple_overflow_gold_and_silver, general_overflow_altar,
          ebering_ghost_inner_flame, uniq_natasha
D:4:      layout_loops_ring, minmay_temple_entry_statues_pillars,
          dk_xom_monty_hall, uniq_crazy_yiuf_cottage
D:5:      layout_loops_ring, uniq_ijyb
D:6:      layout_rooms, kennysheep_mini, minitemple,
          lemuel_coloured_pillars_altar, uniq_maggie
D:7:      layout_basic, uniq_duvessa
Temple:   jpeg_temple_island

Skill      XL: |  1  2  3  4  5  6  7  8 |
---------------+-------------------------+-----
Fighting       | 2 3 4 |  4.0
Polearms       | 1 |  1.6
Spellcasting   | 2 3 |  3.2
Short Blades   | 1 2 3 |  3.2
Throwing       | 3 4 |  4.1
Dodging        | 3 4 |  4.7
Stealth        | 1 2 3 |  3.3
Hexes          | 4 |  4.5
Invocations    | 1 |  1.7

Action                   |  1- 3 |  4- 6 |  7- 9 || total
-------------------------+-------+-------+-------++-------
Melee: Unarmed           |     8 |       |       ||     8
       Dagger            |    61 |       |       ||    61
       Short sword       |       |    78 |   152 ||   230
Throw: Javelin           |    49 |    21 |    42 ||   112
       Boomerang         |    34 |       |       ||    34
       Throwing net      |    11 |       |       ||    11
       Dart              |    11 |     5 |     5 ||    21
       Stone             |     6 |    15 |    21 ||    42
 Cast: Corona            |    45 |     9 |    19 ||    73
       Slow              |       |     5 |       ||     5
       Inner Flame       |       |       |     1 ||     1
       Portal Projectile |       |       |     1 ||     1
Invok: Donate Gold       |       |     1 |     1 ||     2
       Recite            |       |       |     1 ||     1
  Use: Scroll            |     8 |     2 |     1 ||    11
       Potion            |       |       |     2 ||     2
 Stab: Sleeping          |       |     1 |       ||     1
       Invisible         |       |     1 |     1 ||     2
Armor: Robe              |    27 |    12 |    32 ||    71
Dodge: Dodged            |    95 |    42 |   104 ||   241

Table legend: (Time is in decaauts)
 A = Elapsed time spent in this place.
 B = Non-inter-level travel time spent in this place.
 C = Inter-level travel time spent in this place.
 D = Time resting spent in this place.
 E = Time spent auto-exploring this place.
 F = Levels seen in this place.
 G = Mean time per level.
                   A        B        C        D        E       F      G
               +--------+--------+--------+--------+--------+-----+--------+
         Total |   8946 |   8751 |    195 |   3199 |   2515 |   8 | 1118.2 |
       Dungeon |   8595 |   8432 |    163 |   3199 |   2196 |   7 | 1227.9 |
        Temple |    351 |    320 |     31 |      0 |    319 |   1 |  351.0 |
               +--------+--------+--------+--------+--------+-----+--------+

Top non-repeatable levels by time:
     D:4: 2437 daAuts
     D:3: 1818 daAuts
     D:2: 1426 daAuts
     D:5: 1383 daAuts
     D:1: 1337 daAuts
  Temple: 351 daAuts
     D:6: 176 daAuts
     D:7: 16 daAuts
